 Dungeon Crawl Stone Soup version 0.20.1-1-g8b1a95d66d (webtiles) character file.

242206 Smoofers the Bludgeoner (level 19, -19/132 HPs)
             Began as a Gargoyle Berserker on Nov 30, 2017.
             Was an Elder of Trog.
             Demolished by an ettin
             ... wielding a +0 dire flail
              (26 damage)
             ... on level 1 of the Vaults on Dec 1, 2017.
             The game lasted 02:44:36 (35713 turns).

Smoofers the Bludgeoner (Gargoyle Berserker)       Turns: 35713, Time: 02:44:44

Health: -19/132    AC: 48    Str: 31    XL:     19   Next: 38%
Magic:  0/30       EV: 10    Int: 17    God:    Trog [****..]
Gold:   2394       SH:  0    Dex: 13    Spells: 18/18 levels left

rFire    . . .     SeeInvis .   i - +8 dire flail of Demonkind {crush, Int+2}
rCold    . . .     Gourm    .   (shield currently unavailable)
rNeg     + . .     Faith    .   Z - +27 Lear's hauberk
rPois    ∞         Spirit   +   (helmet currently unavailable)
rElec    +         Reflect  .   I - +2 cloak {MR+}
rCorr    .         Harm     .   (gloves currently unavailable)
MR       +++..                  (boots currently unavailable)
Stlth    ..........             g - amulet of guardian spirit
Regen    0.4/turn               Y - ring of the Prince {Ice Str+3 Int+4 Slay+2 Stlth+}
MPRegen  0.3/turn               D - ring "Vaih" {Fire MR+ MP+9 Dex+2 Stlth-}

@: about to teleport, corroded, flying
A: big wings, claws 1, yellow scales 1, agile 1, clever 1, negative energy
resistance 1, electricity resistance, unbreathing, evolution 1, petrification
resistance, rot immunity, AC +13
}: 2/15 runes: decaying, gossamer
a: Stop Flying, Berserk, Trog's Hand, Brothers in Arms, Burn Spellbooks,
Renounce Religion


You were on level 1 of the Vaults.
You worshipped Trog.
Trog was greatly pleased with you.
You were very hungry.

You visited 6 branches of the dungeon, and saw 32 of its levels.
You also visited: Sewer, Bailey and Ice Cave.

You collected 2553 gold pieces.
You spent 159 gold pieces at shops.

Inventory:

Hand Weapons
 i - the +8 dire flail of Demonkind (weapon) {crush, Int+2}
   (Trog gifted it to you on level 14 of the Dungeon)

   It inflicts extra damage upon your enemies.
   It affects your intelligence (+2).
 G - a +5 eveningstar of electrocution
Missiles
 m - 4 javelins of penetration (quivered)
 H - 4 exploding tomahawks
Armour
 l - a +0 shield of reflection
 I - a +2 cloak of magic resistance (worn)
 Z - the +27 Lear's hauberk (worn)
   (You found it in a bailey)
Jewellery
 g - an amulet of guardian spirit (around neck)
 t - a +2 amulet of reflection
 z - the ring of Beajaent {rF- rN++ Dex+4}
   (You found it on level 2 of the Swamp)

   [ring of dexterity]

   It affects your dexterity (+4).
   It makes you vulnerable to fire.
   It greatly protects you from negative energy.
 D - the ring "Vaih" (right claw) {Fire MR+ MP+9 Dex+2 Stlth-}
   (You took it off an orc wizard on level 9 of the Dungeon)

   [ring of fire]

   It enhances your fire magic.
   It affects your dexterity (+2).
   It protects you from fire.
   It makes you vulnerable to cold.
   It affects your resistance to hostile enchantments.
   It affects your magic capacity (+9).
   It makes you less stealthy.
 L - the ring "Nybomips" {Str+3 SInv}
   (You found it on level 9 of the Dungeon)

   [ring of strength]

   It affects your strength (+3).
   It lets you see invisible.
 Y - the ring of the Prince (left claw) {Ice Str+3 Int+4 Slay+2 Stlth+}
   (You found it on level 6 of the Lair of Beasts)

   [ring of ice]

   It enhances your ice magic.
   It affects your strength (+3).
   It affects your intelligence (+4).
   It affects your accuracy and damage with ranged weapons and melee attacks
   (+2).
   It makes you vulnerable to fire.
   It protects you from cold.
   It makes you more stealthy.
Wands
 p - a wand of clouds (5/9)
 M - a wand of digging (8/24)
 N - a wand of acid (9/15)
Scrolls
 b - 21 scrolls of remove curse
 d - 8 scrolls of identify
 n - 3 scrolls of fear
 o - 4 scrolls of magic mapping
 s - 7 scrolls of teleportation
 u - 2 scrolls of recharging
 w - 2 scrolls of enchant weapon
 B - a scroll of enchant armour
 F - 4 scrolls of blinking
 R - 4 scrolls of fog
 U - a scroll of holy word
Potions
 a - 3 potions of brilliance
 e - 3 potions of invisibility
 h - 10 potions of curing
 j - 4 potions of magic
 k - 2 potions of agility
 q - 3 potions of cancellation
 r - 2 potions of berserk rage
 v - 5 potions of ambrosia
 x - 5 potions of lignification
 A - 8 potions of might
 C - 3 potions of haste
 E - 2 potions of resistance
 P - 5 potions of mutation
 S - a potion of heal wounds
Miscellaneous
 y - a fan of gales
 Q - a phantom mirror
 X - a sack of spiders
Comestibles
 c - 19 bread rations
 f - 17 meat rations
 J - 9 fruits


   Skills:
 + Level 18.8 Fighting
 - Level 20.4 Maces & Flails
 - Level 9.6 Throwing
 + Level 17.1 Armour
 - Level 2.0 Dodging
 - Level 1.0 Stealth
 - Level 5.1 Shields
 * Level 3.5 Evocations


You had 18 spell levels left.
You didn't know any spells.

Dungeon Overview and Level Annotations

Branches:
Dungeon (15/15)            Temple (0/1) D:5            Lair (6/6) D:8
  Swamp (4/4) Lair:4       Spider (4/4) Lair:2          Orc (2/2) D:10
    Elf (0/3) Orc:2        Vaults (1/5) D:13         Depths (0/5) D:15
  Slime: Lair:5-6

Altars:
Ashenzari
Ru
Sif Muna
Trog
Vehumet
Yredelemnul
Zin

Shops:
D:6 ?   D:10 :   Orc:2 *%?*

Annotations:
Lair:2 exclusion: oklob plant
Lair:5 exclusion: 2 oklob plants


Innate Abilities, Weirdness & Mutations

You are resistant to torment.
Your stone body is resilient. (AC +13)
You are immune to poison.
Your large and strong wings let you fly indefinitely.
You resist negative energy. (rN+)
You are resistant to electric shocks. (rElec)
You can survive without breathing.
You are immune to petrification.
You are immune to rotting.
You have sharp fingernails.
You are partially covered in yellow scales. (AC +2)
You are agile. (Dex +2)
Your mind is acute. (Int +2)
You evolve.


Message History

The entropy weaver hits you.
The ironbrand convoker gestures at the ettin while chanting.
The ettin seems to grow stronger.
The ettin hits you with a dire flail! The ettin hits you but does no damage.
Your ogre rages.
Things that are here:
a great mace; a ring mail; a human corpse Your ogre hits the entropy weaver with a giant club!
The ironbrand convoker gestures at the entropy weaver while chanting.
The entropy weaver seems to grow stronger.
The ettin hits you with a dire flail!!! The ettin hits you with a great mace!!
* * * LOW HITPOINT WARNING * * *
As you read the scroll of teleportation, it crumbles to dust.
You feel strangely unstable.
Your ogre barely misses the entropy weaver.
The ironbrand convoker begins to recite a word of recall!
The ettin hits you with a dire flail!!!
* * * LOW HITPOINT WARNING * * *
The ettin hits you with a great mace!!
You die...

########################
........................
........................
......##########.O......
#####.#........#.p...###
#.#........#aC...#
#.#........#@a...#
#.#........#.....#
#.#........#.....# ..
#.#........#.....# ..
#.#........#.....# .
#.'........#.....#
#.#........#......
#####.#%.......#.......
......#........#


You could see 2 entropy weavers, an ettin, an ironbrand convoker and a friendly
ogre (berserk).

Vanquished Creatures
  Mara (Swamp:4)
  Nikola (Swamp:1)
  A thorn hunter (Swamp:4)
  Kirke (D:13)
  The ghost of moozooh the Peltast, an adept MiBe of Trog (Spider:2)
  A deep elf sorcerer (Vaults:1)
  11 emperor scorpions
  A frost giant (Vaults:1)
  2 vault wardens (Vaults:1)
  Louise (Swamp:1)
  2 ghost moths (Spider:4)
  2 ironheart preservers (Vaults:1)
  A very ugly thing (Swamp:4)
  2 entropy weavers
  3 dire elephants
  2 ettins
  2 blizzard demons (IceCv)
  The ghost of MsStandart the Warrior, a journeyman MiBe of Trog (D:9)
  An ogre mage (Vaults:1)
  2 fire dragons (Swamp:4)
  Josephine (D:14)
  3 yaktaur captains (Vaults:1)
  An ice dragon (D:13)
  3 vault guards
  A rakshasa (Vaults:1)
  20 hydras
  A catoblepas (Lair:6)
  3 centaur warriors
  13 alligators
  13 two-headed ogres
  A death yak (Lair:5)
  4 spriggans
  A fire crab (Swamp:3)
  Sonja (Orc:2)
  7 skeletal warriors (D:14)
  A spriggan druid (Swamp:3)
  2 wizards
  2 unseen horrors
  A glowing orange brain (Vaults:1)
  3 deep elf archers (Vaults:1)
  3 lindwurms
  3 deep elf magi
  4 swamp dragons (Swamp:4)
  A shambling mangrove (Swamp:3)
  12 orb spiders
  3 ironbrand convokers (Vaults:1)
  7 orc knights
  A necromancer (D:13)
  Pikel (D:5)
  4 cyclopes
  2 orc sorcerers (Orc:2)
  A moth of wrath (Spider:2)
  24 wolf spiders
  22 ugly things
  4 black mambas
  4 elephants (Lair:6)
  Maurice (D:8)
  A guardian serpent (shapeshifter) (Vaults:1)
  4 ice statues (IceCv)
  A black mamba (shapeshifter) (Vaults:1)
  3 centaur skeletons
  17 spiny frogs
  5 vault sentinels (Vaults:1)
  2 torpor snails (Spider:1)
  A gargoyle (D:13)
  A redback zombie (D:14)
  6 rime drakes
  9 yaktaurs
  2 freezing wraiths
  2 kobold demonologists (Bailey)
  12 ice devils (IceCv)
  3 komodo dragons
  15 demonic crawlers
  A merfolk (D:10)
  3 anaconda simulacra (IceCv)
  5 trolls
  3 meliai (D:15)
  5 tyrant leeches
  4 polar bears
  Grinder (D:5)
  24 jumping spiders
  15 slime creatures
  3 bog bodies
  21 blink frogs
  7 hippogriffs
  13 hornets
  6 dream sheep
  3 wyverns
  26 tarantellas
  2 vampires
  10 wraiths
  43 redbacks
  3 basilisks
  3 shadows
  6 hogs (D:13)
  2 steam dragons
  45 yaks
  2 fire bats (Swamp:4)
  4 hungry ghosts
  Grum (D:8)
  16 vampire mosquitoes
  2 harpy simulacra (IceCv)
  A warg (Vaults:1)
  2 iron troll simulacra (IceCv)
  Edmund (D:4)
  6 insubstantial wisps (Swamp:1)
  19 swamp worms
  9 water moccasins
  9 porcupines
  3 hydra simulacra (IceCv)
  40 orc warriors
  20 swamp drakes
  5 ice beasts
  4 sky beasts
  2 necrophages
  4 phantoms
  16 ogres
  A black bear (D:5)
  2 eyes of draining
  25 wolves
  24 centaurs
  17 crocodiles
  7 big kobolds (Sewer)
  A wyvern zombie (D:7)
  11 bullfrogs
  A hornet simulacrum (Vaults:1)
  3 scorpions
  14 killer bees
  A human simulacrum (Vaults:1)
  12 electric eels
  6 crimson imps
  2 bullfrog zombies
  A lava snake (Swamp:4)
  A quasit (D:8)
  3 centaur zombies
  3 jellies
  8 hounds
  15 orc wizards
  11 orc priests
  A bullfrog skeleton (D:9)
  2 iguanas
  6 worker ants
  A hound zombie (D:9)
  A hound skeleton (D:6)
  2 worker ant zombies (D:5)
  19 gnolls
  4 river rats
  21 adders
  7 shadow imps
  4 oozes (Sewer)
  An adder zombie (D:6)
  3 worms
  4 dart slugs
  7 leopard geckos
  102 orcs
  5 ball pythons
  9 bats
  13 giant cockroaches
  22 goblins
  15 hobgoblins
  15 jackals
  13 kobolds
  2 quokkas
  14 frilled lizards
  A giant cockroach zombie (D:6)
  A leopard gecko zombie (D:6)
  2 quokka skeletons
  17 rats
1205 creatures vanquished.

Vanquished Creatures (collateral kills)
  Donald (Swamp:1)
  3 vault wardens (Vaults:1)
  A ghost moth (Spider:1)
  An emperor scorpion (Spider:4)
  A fire dragon (Swamp:4)
  An ice dragon (Vaults:1)
  2 ogre magi (Vaults:1)
  4 hydras
  A vault guard (Vaults:1)
  2 catoblepae
  A centaur warrior (Vaults:1)
  5 death yaks
  2 two-headed ogres
  2 spriggans (Swamp:3)
  An ironbrand convoker (Vaults:1)
  An orb spider (Spider:1)
  2 ugly things
  A deep elf mage (D:9)
  A manticore (D:15)
  2 elephants (Lair:6)
  A torpor snail (Lair:6)
  2 vault sentinels (Vaults:1)
  A gargoyle (D:9)
  2 spiny frogs
  2 yaktaurs (Vaults:1)
  A demonic crawler (Spider:3)
  6 jumping spiders
  A hornet (Swamp:3)
  A slime creature (D:9)
  15 blink frogs
  4 dream sheep (Lair:5)
  2 redbacks (Spider:1)
  A soldier ant (D:15)
  2 water moccasins
  An orc warrior (Orc:2)
  An ogre (Vaults:1)
  2 centaurs (Vaults:1)
  2 crocodiles
  A bullfrog (D:11)
  2 electric eels (D:11)
  2 orc priests
  2 orc wizards
  A worker ant (D:9)
  3 orcs
93 creatures vanquished.

Vanquished Creatures (others)
  An unseen horror (Vaults:1)
  An orb spider (Spider:3)
  A wizard (D:3)
  A jumping spider (Spider:4)
  A swamp worm (Swamp:1)
  A slave (D:5)
  A centaur (D:5)
  A bullfrog (D:5)
  A scorpion (D:5)
  An orc wizard (D:11)
  An adder (D:11)
  2 orcs (D:5)
  3 jackals (D:5)
  A frilled lizard (D:5)
  4 fungi
  4 plants
25 creatures vanquished.

Grand Total: 1323 creatures vanquished

Notes
Turn   | Place    | Note
-------+----------+-------------------------------------------
     0 | D:1      | Smoofers the Gargoyle Berserker began the quest for the Orb.
     0 | D:1      | Reached XP level 1. HP: 14/14 MP: 1/1
    80 | D:1      | Reached XP level 2. HP: 1/19 MP: 2/2
   782 | D:1      | Reached XP level 3. HP: 12/23 MP: 3/3
  1383 | D:1      | Reached skill level 1 in Stealth
  1415 | D:1      | Reached ** piety under Trog
  2051 | D:2      | Reached XP level 4. HP: 28/29 MP: 4/4
  2075 | D:2      | Reached skill level 4 in Maces & Flails
  2525 | D:2      | Reached XP level 5. HP: 9/33 MP: 5/5
  2942 | D:2      | Reached *** piety under Trog
  3047 | D:3      | Reached skill level 5 in Maces & Flails
  3286 | D:3      | Reached XP level 6. HP: 39/39 MP: 4/6
  3654 | D:3      | Found a bloodstained altar of Trog.
  3728 | D:3      | Noticed a wizard
  3734 | D:3      | Killed a wizard
  3847 | D:4      | Reached skill level 5 in Fighting
  3890 | D:4      | Found a sacrificial altar of Ru.
  3955 | D:4      | Reached **** piety under Trog
  4080 | D:4      | Reached skill level 6 in Maces & Flails
  4203 | D:4      | Reached XP level 7. HP: 43/44 MP: 7/7
  4222 | D:4      | Found a glowing drain.
  4310 | Sewer    | Entered a sewer
  4451 | Sewer    | Reached skill level 7 in Maces & Flails
  4722 | Sewer    | Reached XP level 8. HP: 43/52 MP: 5/8
  4903 | Sewer    | Reached skill level 8 in Maces & Flails
  5161 | D:5      | Entered Level 5 of the Dungeon
  5169 | D:5      | Found a staircase to the Ecumenical Temple.
  5169 | D:5      | Noticed Pikel
  5192 | D:5      | Killed Pikel
  5192 | D:5      | Reached skill level 9 in Maces & Flails
  5279 | D:5      | Reached ***** piety under Trog
  5387 | D:5      | Noticed Edmund
  5462 | D:4      | Killed Edmund
  5462 | D:4      | Reached XP level 9. HP: 58/58 MP: 6/9
  5505 | D:5      | Noticed Grinder
  5531 | D:5      | Killed Grinder
  5718 | D:5      | Reached skill level 10 in Maces & Flails
  6539 | D:6      | Found Uwuibrof's Magic Scroll Emporium.
  6976 | D:7      | Got an ancient leather armour
  6987 | D:7      | Identified the +2 leather armour "Tationty" {MP+9 SInv} (You found it on level 7 of the Dungeon)
  7034 | D:7      | Reached skill level 11 in Maces & Flails
  7267 | D:7      | Reached XP level 10. HP: 51/66 MP: 10/10
  7321 | D:7      | You fall through a shaft for 3 floors!
  7321 | D:10     | Entered Level 10 of the Dungeon
  7349 | D:10     | Noticed a two-headed ogre
  7376 | D:10     | Killed a two-headed ogre
  7376 | D:10     | Reached skill level 12 in Maces & Flails
  7630 | D:10     | Reached skill level 10 in Fighting
  7813 | D:10     | Noticed a two-headed ogre
  7819 | D:10     | Killed a two-headed ogre
  7873 | D:10     | Reached skill level 13 in Maces & Flails
  8038 | D:10     | Found Gyipibla's Book Emporium.
  8161 | D:10     | Reached ****** piety under Trog
  8167 | D:10     | Reached XP level 11. HP: 56/73 MP: 11/11
  8223 | D:10     | Found a staircase to the Orcish Mines.
  8638 | D:11     | Got a jewelled mace
  8639 | D:11     | Identified the +4 mace "Goblin's Nightmare" {flame, *Rage Fragile +Inv rElec} (You found it on level 11 of the Dungeon)
  8714 | D:11     | Noticed a four-headed hydra
  8722 | D:11     | Killed a four-headed hydra
  9167 | D:12     | Received a gift from Trog
  9167 | D:12     | Reached skill level 14 in Maces & Flails
  9998 | D:9      | Found a basalt altar of Yredelemnul.
  9998 | D:9      | Found a glowing silver altar of Zin.
 10008 | D:9      | Found a bloodstained altar of Trog.
 10013 | D:9      | Found a deep blue altar of Sif Muna.
 10050 | D:9      | Noticed MsStandart's ghost (journeyman MiBe)
 10066 | D:9      | Killed MsStandart's ghost
 10156 | D:9      | Received a gift from Trog
 10201 | D:9      | Noticed a deep elf mage
 10203 | D:9      | Noticed a two-headed ogre
 10226 | D:9      | Killed a two-headed ogre
 10234 | D:9      | Killed a deep elf mage
 10264 | D:9      | Got a brightly glowing pewter ring
 10279 | D:9      | Got a crude steel ring
 10280 | D:9      | Identified the ring "Jatwus" {*Tele +Fly rF+} (You found it on level 9 of the Dungeon)
 10282 | D:9      | Identified the ring "Vaih" {Fire MR+ MP+9 Dex+2 Stlth-} (You took it off an orc wizard on level 9 of the Dungeon)
 10289 | D:9      | Got a heavily runed lapis lazuli ring
 10298 | D:9      | Got a brightly glowing golden ring
 10299 | D:9      | Identified the ring "Ufitos" {rC+ Dex+3} (You found it on level 9 of the Dungeon)
 10301 | D:9      | Identified the ring "Nybomips" {Str+3 SInv} (You found it on level 9 of the Dungeon)
 10388 | D:9      | Noticed a two-headed ogre
 10400 | D:9      | Killed a two-headed ogre
 10572 | D:9      | Reached XP level 12. HP: 81/81 MP: 12/12
 10742 | D:8      | Noticed Grum
 10747 | D:8      | Reached skill level 15 in Maces & Flails
 10762 | D:8      | Noticed Maurice
 10792 | D:8      | Killed Grum
 11063 | D:8      | Found a staircase to the Lair.
 11217 | D:8      | Killed Maurice
 11315 | D:8      | Got a smoking dagger
 11316 | D:8      | Identified the cursed +0 dagger "Qahoun" {freeze, rElec rC+ Str+4} (You found it on level 8 of the Dungeon)
 11390 | D:8      | Found a shattered altar of Ashenzari.
 11622 | D:8      | Noticed a two-headed ogre
 11628 | D:8      | Killed a two-headed ogre
 11775 | Lair:1   | Entered Level 1 of the Lair of Beasts
 12211 | Lair:1   | Reached skill level 16 in Maces & Flails
 12711 | Lair:2   | Received a gift from Trog
 12804 | Lair:2   | Noticed a four-headed hydra
 12819 | Lair:2   | Killed a five-headed hydra
 13126 | Lair:2   | Found a hole to the Spider Nest.
 13484 | Lair:3   | Reached XP level 13. HP: 73/88 MP: 13/13
 13914 | Lair:3   | Reached skill level 17 in Maces & Flails
 14420 | Lair:4   | Found a staircase to the Swamp.
 14669 | Lair:4   | Received a gift from Trog
 15739 | Lair:5   | Reached skill level 18 in Maces & Flails
 16201 | Lair:6   | Entered Level 6 of the Lair of Beasts
 16439 | Lair:5   | Gained mutation: Your large and strong wings let you fly indefinitely. [Gargoyle growth]
 16439 | Lair:5   | Reached XP level 14. HP: 50/96 MP: 14/14
 16497 | Lair:5   | Received a gift from Trog
 17236 | Lair:6   | Noticed a dire elephant
 17252 | Lair:6   | Reached skill level 15 in Fighting
 17268 | Lair:6   | Killed a dire elephant
 17462 | Lair:6   | Noticed a dire elephant
 17491 | Lair:6   | Reached skill level 19 in Maces & Flails
 17504 | Lair:6   | Killed a dire elephant
 18278 | Lair:6   | Got a translucent lead ring
 18280 | Lair:6   | Identified the ring of the Prince {Ice Str+3 Int+4 Slay+2 Stlth+} (You found it on level 6 of the Lair of Beasts)
 18919 | D:12     | Found a radiant altar of Vehumet.
 19209 | Orc:1    | Entered Level 1 of the Orcish Mines
 19328 | Orc:1    | Found a flagged portal.
 19399 | Bailey   | Entered a bailey
 19459 | Bailey   | Found an iron altar of Okawaru.
 20274 | Orc:1    | Reached XP level 15. HP: 101/104 MP: 15/15
 20489 | Orc:2    | Entered Level 2 of the Orcish Mines
 20634 | Orc:2    | Found a staircase to the Elven Halls.
 20715 | Orc:2    | Received a gift from Trog
 20717 | Orc:2    | Reached skill level 1 in Shields
 20769 | Orc:2    | Found Xauchasa's Food Boutique.
 20769 | Orc:2    | Found Qobriq's Magic Scroll Emporium.
 20769 | Orc:2    | Found Zaotweov's General Store.
 20798 | Orc:2    | Found Ymerreull's General Store.
 20915 | Orc:2    | Bought a scroll of fear for 35 gold pieces
 20915 | Orc:2    | Bought a scroll of teleportation for 30 gold pieces
 20915 | Orc:2    | Bought a scroll of teleportation for 30 gold pieces
 20922 | Orc:2    | Bought a potion of might for 64 gold pieces
 21052 | Orc:2    | Noticed Sonja
 21067 | Orc:2    | Killed Sonja
 21067 | Orc:2    | Reached skill level 5 in Armour
 21496 | D:13     | Noticed Kirke
 21514 | D:13     | Received a gift from Trog
 21531 | D:13     | Killed Kirke
 21651 | D:13     | Gained mutation: You are partially covered in yellow scales. (AC +2) [mutagenic meat]
 21652 | D:13     | Gained mutation: You evolve. [mutagenic meat]
 22117 | D:13     | Found a gate to the Vaults.
 22219 | D:14     | Gained mutation: You have sharp fingernails. [evolution]
 22227 | D:14     | Noticed Josephine
 22236 | D:14     | Killed Josephine
 22236 | D:14     | Received a gift from Trog
 22248 | D:14     | Got a polished dire flail {god gift}
 22249 | D:14     | Identified the +8 dire flail of Demonkind {crush, Int+2} (Trog gifted it to you on level 14 of the Dungeon)
 22257 | D:14     | Reached skill level 5 in Shields
 22683 | D:14     | Reached skill level 1 in Throwing
 23124 | D:15     | Entered Level 15 of the Dungeon
 23940 | D:15     | Found a staircase to the Depths.
 24446 | Swamp:1  | Entered Level 1 of the Swamp
 24449 | Swamp:1  | Noticed Nikola
 24465 | Swamp:1  | Killed Nikola
 24465 | Swamp:1  | Reached skill level 10 in Armour
 24465 | Swamp:1  | Reached XP level 16. HP: 72/110 MP: 16/16
 24490 | Swamp:1  | Noticed Donald
 24494 | Swamp:1  | Killed Donald
 24766 | Swamp:1  | Noticed Louise
 24780 | Swamp:1  | Killed Louise
 25448 | Swamp:2  | Found a frozen archway.
 25452 | IceCv    | Entered an ice cave
 25472 | IceCv    | Received a gift from Trog
 26156 | IceCv    | Got a crystal long sword
 26157 | IceCv    | Identified the +7 long sword of Armageddon {flame, rElec rPois rF+} (You found it in an ice cave)
 26399 | Swamp:2  | Got a fine golden ring
 26460 | Swamp:2  | Reached skill level 5 in Throwing
 26898 | Swamp:2  | Got a crystal great sword
 26899 | Swamp:2  | Identified the +2 great sword of Quatiamn {venom, Str-5 Int+9 Stlth-} (You found it on level 2 of the Swamp)
 27049 | Swamp:3  | Received a gift from Trog
 27413 | Swamp:3  | Received a gift from Trog
 27901 | Swamp:4  | Entered Level 4 of the Swamp
 27903 | Swamp:4  | Noticed Mara
 27919 | Swamp:4  | Killed Mara
 27919 | Swamp:4  | Reached XP level 17. HP: 117/117 MP: 17/17
 27934 | Swamp:4  | Received a gift from Trog
 28100 | Swamp:3  | Identified the ring of Beajaent {rF- rN++ Dex+4} (You found it on level 2 of the Swamp)
 28817 | Swamp:4  | Got a decaying rune of Zot
 29226 | Spider:1 | Entered Level 1 of the Spider Nest
 29352 | Spider:1 | Received a gift from Trog
 29624 | Spider:1 | Received a gift from Trog
 30347 | Spider:2 | Noticed moozooh's ghost (adept MiBe)
 30359 | Spider:2 | Killed moozooh's ghost
 30474 | Spider:2 | Received a gift from Trog
 30742 | Spider:2 | Reached skill level 15 in Armour
 31082 | Spider:2 | Reached XP level 18. HP: 81/124 MP: 18/18
 31792 | Spider:3 | Reached skill level 20 in Maces & Flails
 32013 | Spider:4 | Entered Level 4 of the Spider Nest
 32027 | Spider:4 | Received a gift from Trog
 32182 | Spider:4 | Received a gift from Trog
 32689 | Spider:4 | Got a gossamer rune of Zot
 32785 | Spider:3 | Gained mutation: Your mind is acute. (Int +2) [evolution]
 33359 | Vaults:1 | Entered Level 1 of the Vaults
 34298 | Vaults:1 | Reached XP level 19. HP: 85/131 MP: 16/19
 34679 | Vaults:1 | Reached skill level 1 in Evocations
 35206 | Vaults:1 | Received a gift from Trog
 35364 | Vaults:1 | Gained mutation: You are agile. (Dex +2) [evolution]
 35713 | Vaults:1 | Demolished by an ettin

Skill      XL: |  1  2  3  4  5  6  7  8  9 10 11 12 13 14 15 16 17 18 19 |
---------------+----------------------------------------------------------+-----
Dodging        | 2 |  2.0
Stealth        | 1 |  1.0
Maces & Flails | 4 5 6 7 9 11 13 14 16 18 19 20 | 20.4
Fighting       | 4 5 6 7 9 10 12 13 14 15 16 17 18 | 18.8
Armour         | 10 13 15 16 17 | 17.1
Shields        | 5 |  5.1
Throwing       | 3 6 8 9 |  9.6
Evocations     | 3 |  3.5

Action                   |  1- 3 |  4- 6 |  7- 9 | 10-12 | 13-15 | 16-18 | 19-21 || total
-------------------------+-------+-------+-------+-------+-------+-------+-------++-------
Melee: Mace              |   111 |       |       |       |       |       |       ||   111
       Dagger            |    36 |   115 |       |       |       |       |       ||   151
       Flail             |       |   177 |   231 |       |       |       |       ||   408
       Whip              |       |       |    59 |       |       |       |       ||    59
       Dire flail        |       |       |   166 |   265 |   169 |  1374 |   209 ||  2183
       Eveningstar       |       |       |       |   486 |  1081 |       |       ||  1567
       Unarmed           |       |       |       |       |    12 |       |       ||    12
Invok: Berserk           |       |       |     1 |     6 |     3 |     3 |       ||    13
       Burn Spellbooks   |       |       |       |     4 |     1 |     5 |       ||    10
       Brothers in Arms  |       |       |       |     3 |    18 |    24 |     7 ||    52
       Trog's Hand       |       |       |       |       |       |     1 |       ||     1
 Abil: Fly               |       |       |       |       |     2 |       |       ||     2
       Stop Flying       |       |       |       |       |     1 |       |       ||     1
  Use: Scroll            |       |     3 |       |    18 |    14 |    11 |     4 ||    50
       Potion            |       |       |       |     5 |       |     3 |       ||     8
 Stab: Distracted        |       |       |       |     1 |     2 |     2 |       ||     5
  Eat: Chunk             |     4 |     7 |    12 |    28 |    48 |    35 |     2 ||   136
       Royal jelly       |       |       |       |     1 |     1 |     4 |     2 ||     8
       Fruit             |       |       |       |       |       |     3 |       ||     3
Armor: Animal skin       |    26 |       |       |       |       |       |       ||    26
       Scale mail        |    36 |   206 |   242 |       |       |       |       ||   484
       Leather armour    |       |       |    32 |    90 |       |       |       ||   122
       Plate armour      |       |       |       |   349 |   600 |       |       ||   949
       Chain mail        |       |       |       |       |   420 |  1727 |   165 ||  2312
Dodge: Dodged            |    86 |   222 |   263 |   197 |   272 |   784 |    78 ||  1902
Block: Shield            |       |       |       |   150 |   511 |       |       ||   661
